 Dungeon Crawl Stone Soup version 0.26.1-11-gd32895ea62 (webtiles) character file.

Game seed: 11436129231721589783

87 promet the Sneak (level 4, 0/29 HPs)
             Began as an Octopode Brigand on June 7, 2021.
             Killed by an exploding a bat (27 damage)
             ... exploding inner flame
             ... on level 2 of the Dungeon on June 8, 2021.
             The game lasted 00:07:49 (1816 turns).

promet the Sneak (Octopode Brigand)                 Turns: 1816, Time: 00:07:49

Health: 0/29       AC:  1    Str: 10    XL:     4   Next: 51%
Magic:  4/4        EV: 13    Int: 13    God:
Gold:   21         SH:  0    Dex: 14    Spells: 3/3 levels left

rFire    . . .     SeeInvis .   a - +2 dagger
rCold    . . .     Faith    .   (no shield)
rNeg     . . .     Spirit   .   (helmet restricted)
rPois    .         Reflect  .   (no amulet)
rElec    .         Harm     .   (no ring)
rCorr    .         Rampage  .   (no ring)
Will     .....                  (no ring)
Stlth    +++++.....             (no ring)
HPRegen  0.09/turn              (no ring)
MPRegen  0.09/turn              (no ring)
                                (no ring)
                                (no ring)

@: no status effects
A: almost no armour, stealthy swim, amphibious, 8 rings, constrict 8, camouflage
1, gelatinous body 1
a: no special abilities


You were on level 2 of the Dungeon.
You visited 1 branch of the dungeon, and saw 2 of its levels.

You collected 21 gold pieces.

Inventory:

Hand Weapons
 a - a +2 dagger (weapon)
 g - a +0 spear
Missiles
 b - 36 poisoned darts (quivered)
 c - 2 curare-tipped darts
 d - 69 arrows
 f - 18 bolts
Potions
 h - a potion of mutation {unknown}
 i - 2 potions of curing {unknown}


   Skills:
 + Level 2.2 Fighting
 + Level 2.1 Short Blades
 + Level 2.0 Throwing
 + Level 1.3 Dodging
 * Level 7.6 Stealth


You had 3 spell levels left.
You didn't know any spells.
Your spell library was empty.

Dungeon Overview and Level Annotations

Branches:
Dungeon (2/15)

Altars:


Innate Abilities, Weirdness & Mutations

You cannot wear most types of armour.
You are very stealthy in the water. (Stealth+)
You are amphibious.
You can wear up to eight rings at the same time.
You can use your tentacles to constrict eight enemies at once.
Your skin changes colour to match your surroundings (Stealth+).
Your rubbery body absorbs attacks. (AC +1, EV +1)


Message History

As you read the scroll labelled YLIEMI DUUMI, it crumbles to dust.
The creatures around you are filled with an inner flame!
It was a scroll of immolation.
You closely miss the bat. Your grab misses the bat.
Your squeeze misses the bat. The bat hits you but does no damage.
The bat barely misses you. The bat barely misses you.
The bat closely misses you. The bat hits you. The bat hits you.
The bat hits you but does no damage. The bat closely misses you.
The bat misses you. The bat hits you but does no damage.
The bat closely misses you. x2
You hit the bat.
The bat explodes!
The fiery explosion engulfs you!!
Ouch! That really hurt!
You die...

* *****,* #.##...#.##..... **
*,,,,,* #.#.##.#.#......
,****,,,*****#####....#†#........
,',,,,,,,,,,,....................
,***,,,,,****######...#.##.......
** *,,,*,* #.......##.###...... *
*,*,*,* #.......##.# ##.....
*,,,,,* #..§.§..##.# ##...#
***,*** #..@§§.....# *#+## *,*
#..§§§..#### ##.## *,* #.......#
#.... * *,* #.>.....##*** #..##
******,* ###........,* ##..†#
,,,,,,,* *#.##.......* #.....
******** #.#*#.....♣.♣#♣#♣..# **
****#.* #............... ,*
****,,,.,* #....>♣.♣.♣.♣.##


There were no monsters in sight!

Vanquished Creatures
  A gnoll (D:1)
  3 adders (D:2)
  An ooze (D:1)
  A worm (D:2)
  2 dart slugs
  A leopard gecko (D:1)
  8 bats
  2 giant cockroaches
  2 goblins (D:1)
  2 hobgoblins (D:1)
  4 jackals (D:1)
  3 frilled lizards (D:1)
  6 kobolds (D:1)
  4 rats
40 creatures vanquished.

Vanquished Creatures (others)
  4 plants (D:2)
4 creatures vanquished.

Grand Total: 44 creatures vanquished

Notes
Turn   | Place    | Note
-------+----------+-------------------------------------------
     0 | D:1      | promet the Octopode Brigand began the quest for the Orb.
     0 | D:1      | Reached XP level 1. HP: 14/14 MP: 1/1
   179 | D:1      | Reached skill level 6 in Stealth
   179 | D:1      | Reached XP level 2. HP: 13/19 MP: 2/2
   422 | D:1      | Reached XP level 3. HP: 24/24 MP: 3/3
   751 | D:1      | Reached skill level 7 in Stealth
  1045 | D:2      | Reached XP level 4. HP: 23/29 MP: 4/4
  1816 | D:2      | Killed by an exploding a bat... exploding inner flame

Illustrated notes

Levels and vault maps discovered:
D:1:      psy_arrival_fountain, layout_basic
D:2:      minmay_evil_eye, layout_loops_corners, serial_forest,
          infiniplex_forest_corner_2, infiniplex_forest_lined_1,
          infiniplex_forest_clump_small, infiniplex_forest_lined_room_2,
          infiniplex_forest_clump_medium, infiniplex_forest_lined_room_2,
          infiniplex_forest_side_room, infiniplex_forest_split,
          infiniplex_forest_lined_ring

Skill      XL: |  1  2  3 |
---------------+----------+-----
Stealth        | 6 7 |  7.6
Fighting       | |  2.2
Short Blades   | |  2.1
Throwing       | |  2.0
Dodging        | |  1.3

Action                   |  1- 3 |  4- 6 || total
-------------------------+-------+-------++-------
Melee: Dagger            |    59 |    24 ||    83
       Constrict         |    16 |     5 ||    21
       Tentacles         |    12 |     2 ||    14
Throw: Dart              |       |     4 ||     4
  Use: Potion            |     1 |       ||     1
       Scroll            |       |     3 ||     3
 Stab: Sleeping          |    10 |     1 ||    11
Armor: Skin              |       |     7 ||     7
Dodge: Dodged            |    28 |    29 ||    57
